 Dungeon Crawl Stone Soup version 0.27-a0-1555-g0e7b3fb1d2 (webtiles) character file.

Game seed: 15431831071583027187

161 Sin92 the Skirmisher (level 5, -1/42 HPs)
             Began as a Demonspawn Fighter on July 14, 2021.
             Slain by a water moccasin skeleton (2 damage)
             ... on level 4 of the Dungeon.
             The game lasted 00:04:50 (1945 turns).

Sin92 the Skirmisher (Demonspawn Fighter)           Turns: 1945, Time: 00:04:51

Health: -1/42      AC: 10    Str: 17    XL:     5   Next: 19%
Magic:  5/5        EV:  7    Int:  9    God:
Gold:   138        SH:  9    Dex: 13    Spells: 4/4 levels left

rFire    . . .     SeeInvis .   a - +1 long sword
rCold    . . .     Faith    .   c - +0 kite shield
rNeg     . . .     Spirit   .   b - +0 scale mail
rPois    .         Reflect  .   (no helmet)
rElec    .         Harm     .   (no cloak)
rCorr    .         Rampage  .   e - +2 pair of gloves
Will     .....                  (no boots)
Stlth    ..........             (no amulet)
HPRegen  0.14/turn              (no ring)
MPRegen  0.09/turn              (no ring)

@: mighty, brilliant, flying
A: talons 2, spiny 1
a: no special abilities


You were on level 4 of the Dungeon.
You visited 1 branch of the dungeon, and saw 4 of its levels.

You collected 138 gold pieces.

Inventory:

Hand Weapons
 a - a +1 long sword (weapon)
Armour
 b - a +0 scale mail (worn)
 c - a +0 kite shield (worn)
 e - a +2 pair of gloves (worn)
Wands
 k - a wand of charming (7)
Potions
 h - 2 potions of curing


   Skills:
 + Level 3.7 Fighting
 + Level 2.7 Long Blades
 + Level 3.3 Armour
 + Level 1.8 Dodging
 + Level 3.3 Shields


You had 4 spell levels left.
You didn't know any spells.
Your spell library contained the following spells:

 Spells                   Type           Power      Damage    Failure   Level
 Animate Skeleton         Necr           0%         N/A       99%         1
 Pain                     Necr           0%         1d4       99%         1
 Vampiric Draining        Necr           0%         2d6       100%        3


Dungeon Overview and Level Annotations

Branches:
Dungeon (4/15)
 Temple: D:4-7

Altars:


Innate Abilities, Weirdness & Mutations

You have razor-sharp toenails.
You are partially covered in sharp spines.


Message History

Your shield prevents you from hitting Blork the orc.
Your kick misses Blork the orc.
Blork the orc is heavily wounded.
You block the water moccasin skeleton's attack.
You block the quokka's attack. Blork the orc is struck by your spines.
Blork the orc closely misses you.
The water moccasin skeleton is struck by your spines.
The water moccasin skeleton barely misses you.
You block the quokka's attack.
Blork the orc hits you with a +0 trident!
* * * LOW HITPOINT WARNING * * *
You hit Blork the orc. You claw Blork the orc.
Blork the orc is almost dead.
Blork the orc casts a spell at you. The puff of flame misses you.
The water moccasin skeleton is struck by your spines.
The water moccasin skeleton barely misses you.
The quokka bites you.
* * * LOW HITPOINT WARNING * * *
Blork the orc hits you but does no damage.
You block the water moccasin skeleton's attack.
The quokka bites you but does no damage.
You slash Blork the orc!
You kill Blork the orc!
The quokka is struck by your spines.
You kill the quokka!
The water moccasin skeleton bites you.
* * * LOW HITPOINT WARNING * * *
The water moccasin skeleton closely misses you.
You riposte.
You slash the water moccasin skeleton!
The water moccasin skeleton is severely damaged.
You have reached level 5!
Your demonic ancestry asserts itself...
Your toenails lengthen and sharpen.
Your shield prevents you from hitting the water moccasin skeleton.
You claw the water moccasin skeleton!
The water moccasin skeleton is almost destroyed.
You block the water moccasin skeleton's attack.
The water moccasin skeleton bites you.
You die...

#. #.................. ..
#.................. ...
#...........#......
...####...........##.....
.........#........####†##.
#.....>.#......#........
.........!.......##.....
.....................###
.......@.......####...
......)Z......... ....
.............##.. ...
.........#..## ..
.........#...>
.......$.#....# .....[...#
...# .........# ..#


You could see a water moccasin skeleton.

Vanquished Creatures
  Blork the orc (D:4)
  Jessica (D:2)
  A hound skeleton (D:4)
  An ufetubus (D:4)
  5 ball pythons
  5 bats
  An endoplasm (D:3)
  2 giant cockroaches
  3 goblins
  4 hobgoblins
  5 jackals (D:1)
  2 quokkas
  3 frilled lizards
  8 kobolds
  9 rats
51 creatures vanquished.

Vanquished Creatures (collateral kills)
  A hobgoblin (D:1)
1 creature vanquished.

Grand Total: 52 creatures vanquished

Notes
Turn   | Place    | Note
-------+----------+-------------------------------------------
     0 | D:1      | Sin92 the Demonspawn Fighter began the quest for the Orb.
     0 | D:1      | Reached XP level 1. HP: 18/18 MP: 1/1
   157 | D:1      | Gained mutation: You have sharp toenails. [demonic
                  | ancestry]
   157 | D:1      | Reached XP level 2. HP: 19/24 MP: 2/2
   818 | D:2      | Gained mutation: You are partially covered in sharp spines.
                  | [demonic ancestry]
   818 | D:2      | Reached XP level 3. HP: 29/29 MP: 3/3
   822 | D:2      | Noticed Jessica
   827 | D:2      | Killed Jessica
   828 | D:2      | Reached skill level 1 in Dodging
  1591 | D:3      | Found a faded altar of an unknown god.
  1654 | D:3      | Reached XP level 4. HP: 35/35 MP: 4/4
  1855 | D:4      | Identified the +1 ring mail of Starshine {Int-2 Dex+4}
  1932 | D:4      | Noticed Blork the orc
  1943 | D:4      | HP: 1/35 [quokka (1)]
  1944 | D:4      | Killed Blork the orc
  1945 | D:4      | Gained mutation: You have razor-sharp toenails. [demonic
                  | ancestry]
  1945 | D:4      | Reached XP level 5. HP: 1/42 MP: 5/5
  1945 | D:4      | Slain by a water moccasin skeleton

Illustrated notes

Levels and vault maps discovered:
D:1:      dpeg_arrival_tiny_j, layout_loops_ring, minmay_close_crescents
D:2:      minmay_skewed_foursquare, layout_rooms, uniq_jessica
D:3:      layout_loops_ring, hellmonk_ecumenical_altar_heavens_door,
          hangedman_abyss_or_decor_lesser_grid
D:4:      layout_rooms, uniq_blork_the_orc

Skill      XL: |  1  2  3 |
---------------+----------+-----
Long Blades    | 2 |  2.7
Armour         | 3 |  3.3
Dodging        | 1 |  1.8
Shields        | 3 |  3.3
Fighting       | |  3.7

Action                   |  1- 3 |  4- 6 || total
-------------------------+-------+-------++-------
Melee: Long sword        |    80 |    22 ||   102
       Kick              |    11 |    13 ||    24
  Use: Scroll            |     5 |     4 ||     9
       Potion            |     1 |     3 ||     4
Armor: Scale mail        |    47 |    16 ||    63
Dodge: Dodged            |    25 |    12 ||    37
Block: Kite shield       |    53 |    21 ||    74
       Rpst.: Long sword |    13 |     3 ||    16

Table legend: (Time is in decaauts)
 A = Elapsed time spent in this place.
 B = Non-inter-level travel time spent in this place.
 C = Inter-level travel time spent in this place.
 D = Time resting spent in this place.
 E = Time spent auto-exploring this place.
 F = Levels seen in this place.
 G = Mean time per level.
                   A        B        C        D        E       F      G
               +--------+--------+--------+--------+--------+-----+--------+
         Total |   1985 |   1886 |     99 |      0 |   1458 |   4 |  496.2 |
       Dungeon |   1985 |   1886 |     99 |      0 |   1458 |   4 |  496.2 |
               +--------+--------+--------+--------+--------+-----+--------+

Top non-repeatable levels by time:
     D:1: 834 daAuts
     D:3: 559 daAuts
     D:2: 482 daAuts
     D:4: 108 daAuts
